[Event "CAMPEONATO NACIONAL ABSOLUTO DE CHILE 2019"]
[Site "Torre ENTEL, Chile"]
[Date "2019.02.20"]
[Round "1.2"]
[White "Torres Bravo, Cristobal"]
[Black "Salinas Herrera, Pablo"]
[Result "0-1"]
[TimeControl "90 minutos mas 30 segundos incremento por movida"]
[WhiteTitle "FM"]
[BlackTitle "IM"]
[WhiteFideId "3405940"]
[BlackFideId "3407128"]
[WhiteElo "2347"]
[BlackElo "2477"]

1. d4 a6 2. e4 g6 3. c4 Bg7 4. Nc3 d6 5. Be3 Nd7 6. h3 e5 7. d5 Bh6 8. Bxh6 Nxh6 9. Qd2 Ng8 10.
Bd3 Ngf6 11. Nge2 O-O 12. g4 Kh8 13. Ng3 Ng8 14. h4 Nc5 15. Be2 a5 16. O-O-O Qf6 17. f3 Qf4 18. Rdg1 h6 19.
Nf1 Qxd2+ 20. Kxd2 Bd7 21. Ne3 Ne7 22. h5 Kg7 23. b3 Rfc8 24. Rg2 Rh8 25. Kc2 Ng8 26. Rhg1 Nf6 27. hxg6 fxg6 28.
Nb5 Rac8 29. Na7 Rcf8 30. Nb5 Na6 31. Kd2 Nh7 32. Rg3 Ng5 33. Nd1 Rf6 34. Nf2 Rhf8 35. Ke3 Nb4 36. Nh3 Nxh3 37.
Rxh3 c6 38. g5 hxg5 0-1

[Event "CAMPEONATO NACIONAL ABSOLUTO DE CHILE 2019"]
[Site "Torre ENTEL, Chile"]
[Date "2019.02.20"]
[Round "1.5"]
[White "Olivares Olivares, Claudio"]
[Black "Cuevas Araya, Walter"]
[Result "1-0"]
[TimeControl "90 minutos mas 30 segundos incremento por movida"]
[WhiteTitle "FM"]
[BlackTitle "FM"]
[WhiteFideId "3400786"]
[BlackFideId "3405028"]
[WhiteElo "2387"]
[BlackElo "2187"]

1. e4 e5 2. Nf3 Nc6 3. Bb5 a6 4. Ba4 Nf6 5. O-O Nxe4 6. d4 b5 7. Bb3 d5 8. dxe5 Be6 9. c3 Bc5 10.
Nbd2 O-O 11. Bc2 Nxf2 12. Rxf2 f6 13. exf6 Bxf2+ 14. Kxf2 Qxf6 15. Nf1 Ne5 16. Be3 Rae8 17. Bc5 Qh4+ 18.
Kg1 Rxf3 19. gxf3 Qh5 20. Nd2 Bh3 21. Kh1 Nc4 22. Bb3 Nxd2 23. Qxd2 Qxf3+ 24. Kg1 Qg4+ 25. Kh1 Qe4+ 26. Kg1 Qg4+ 27.
Kh1 Qe4+ 28. Kg1 Qg6+ 29. Kh1 Qe4+ 30. Kg1 Re5 31. Be3 Qg4+ 32. Kh1 Qf3+ 33. Kg1 Qg4+ 34. Kh1 Qe4+ 35. Kg1 Qg6+ 36. Kh1 Qe4+ 37. Kg1 Qg4+ 38.
Kh1 c6 1-0

[Event "CAMPEONATO NACIONAL ABSOLUTO DE CHILE 2019"]
[Site "Torre ENTEL, Chile"]
[Date "2019.02.21"]
[Round "2.3"]
[White "Abarca Gonzalez, Nicolas"]
[Black "Olivares Olivares, Claudio"]
[Result "1/2-1/2"]
[TimeControl "90 minutos mas 30 segundos incremento por movida"]
[BlackTitle "FM"]
[WhiteFideId "3409422"]
[BlackFideId "3400786"]
[WhiteElo "2418"]
[BlackElo "2387"]

1. Nf3 Nf6 2. g3 g6 3. b3 Bg7 4. Bb2 O-O 5. Bg2 c5 6. c4 Nc6 7. O-O d6 8. d4 Ne4 9. e3 Qa5 10.
a3 Bg4 11. Qc2 Bxf3 12. Bxf3 Ng5 13. Bxc6 bxc6 14. h4 Ne6 15. Bc3 Qb6 16. dxc5 Qxc5 17. Bxg7 Kxg7 18. Nd2 Kg8 19. b4 Qe5 20.
Nb3 f5 21. Rae1 Qf6 22. f4 Ng7 23. c5 d5 24. Nd4 Rac8 25. Qb3 e6 26. Rc1 h6 27. Nf3 Nh5 28. Kg2 Rf7 29. a4 Qe7 30.
Qb2 Nf6 31. Qd4 Ne4 32. Qe5 Nf6 33. Rc2 Rg7 34. Rh1 Ne4 35. Rh3 Kf7 36. Nd4 Nf6 37. Nf3 Rgg8 38. Rh1 Ne4 39. Qd4 Rg7 40.
Rh3 Kg8 41. Qe5 Kf7 42. Nd4 Nf6 43. Nf3 Ne4 1/2-1/2

[Event "CAMPEONATO NACIONAL ABSOLUTO DE CHILE 2019"]
[Site "Torre ENTEL, Chile"]
[Date "2019.02.21"]
[Round "2.4"]
[White "Lopez Silva, Hugo"]
[Black "Garcia Cardenas, Pablo"]
[Result "1-0"]
[TimeControl "90 minutos mas 30 segundos incremento por movida"]
[WhiteTitle "IM"]
[BlackTitle "IM"]
[WhiteFideId "3403874"]
[BlackFideId "3406903"]
[WhiteElo "2413"]
[BlackElo "2449"]

1. e4 e5 2. Nf3 Nc6 3. Bc4 Bc5 4. c3 Nf6 5. d3 d6 6. Nbd2 a6 7. Bb3 O-O 8. O-O Ba7 9. h3 h6 10.
Re1 Be6 11. Bc2 Re8 12. Nf1 d5 13. exd5 Bxd5 14. Ng3 Qd7 15. Be3 Bxe3 16. Rxe3 Rad8 17. Qe2 Qd6 18. Re1 g6 19. a3 Kg7 20.
Nd2 Qd7 21. Qf1 Be6 22. Nf3 Nd5 23. Re4 f6 24. d4 exd4 25. Nxd4 Bf7 26. Nf3 f5 27. Rxe8 Rxe8 28. Rd1 Qe7 29.
Bxf5 Nb6 30. Re1 Qd6 31. Rxe8 Bxe8 32. Qe2 Bf7 33. Be4 Bc4 34. Qe3 Bd5 35. Nh4 Bxe4 36. Qxe4 Qf6 37. Nf3 Qe7 38.
Qg4 Kh7 39. h4 Ne5 40. Nxe5 Qxe5 41. h5 g5 42. Qf3 Qd5 43. Qf6 Qd6 44. Qf7+ Kh8 45. Qe8+ Kh7 46. Qf7+ Kh8 47. Nf5 1-0

[Event "CAMPEONATO NACIONAL ABSOLUTO DE CHILE 2019"]
[Site "Torre ENTEL, Chile"]
[Date "2019.02.21"]
[Round "2.5"]
[White "Salinas Herrera, Pablo"]
[Black "Vergara Jofre, Felipe"]
[Result "1/2-1/2"]
[TimeControl "90 minutos mas 30 segundos incremento por movida"]
[WhiteTitle "IM"]
[BlackTitle "FM"]
[WhiteFideId "3407128"]
[BlackFideId "3416291"]
[WhiteElo "2477"]
[BlackElo "2265"]

1. Nf3 Nf6 2. b3 b6 3. g3 Bb7 4. Bg2 e5 5. O-O e4 6. Ne1 d5 7. d3 Bd6 8. Bb2 Qe7 9. c4 e3 10.
Bxf6 exf2+ 11. Rxf2 gxf6 12. Nc3 h5 13. Nxd5 Bxd5 14. Bxd5 c6 15. Bg2 h4 16. gxh4 Nd7 17. d4 O-O-O 18. Qd3 Rxh4 19. Qf3 Bxh2+ 20. Kf1 Qd6 21. Qxc6+ Qxc6 22. Bxc6 Bg3 23. Rf5 Rxd4 24. Bxd7+ Kxd7 25. Nd3 Ke6 26.
Rh5 Rg8 27. Rd1 Rdg4 28. Kg2 Be5+ 29. Kh1 Re4 30. Re1 Rg3 31. Nf2 Rf4 32. Nd3 Re4 33. Nf2 Rf4 34.
Nd3 1/2-1/2

[Event "CAMPEONATO NACIONAL ABSOLUTO DE CHILE 2019"]
[Site "Torre ENTEL, Chile"]
[Date "2019.02.21"]
[Round "2.6"]
[White "Henriquez Villagra, Cristobal"]
[Black "Torres Bravo, Cristobal"]
[Result "1-0"]
[TimeControl "90 minutos mas 30 segundos incremento por movida"]
[WhiteTitle "GM"]
[BlackTitle "FM"]
[WhiteFideId "3409350"]
[BlackFideId "3405940"]
[WhiteElo "2508"]
[BlackElo "2347"]

1. e4 c5 2. Nc3 Nc6 3. Nge2 e6 4. d4 cxd4 5. Nxd4 Qc7 6. Qd3 a6 7. Nxc6 dxc6 8. Qg3 Qxg3 9. hxg3 Bb4 10.
e5 Ne7 11. Bd2 f5 12. exf6 gxf6 13. O-O-O Ng6 14. Bd3 Kf7 15. Na4 Be7 16. Nb6 Rb8 17. Be3 f5 18. Bc4 c5 19. Rh5 Kf6 20.
Bd2 e5 21. Nd5+ Kf7 22. Nxe7+ Kxe7 23. Rxh7+ Rxh7 24. Bg5+ 1-0

[ePGN "0.1;DGT LiveChess/2.2.3"]

[Event "CAMPEONATO NACIONAL ABSOLUTO DE CHILE 2019"]
[Site "Torre ENTEL, Chile"]
[Date "????.??.??"]
[Round "3.3"]
[White "Garcia Cardenas, Pablo"]
[Black "Salinas Herrera, Pablo"]
[Result "1/2-1/2"]
[TimeControl "90 minutos mas 30 segundos incremento por movida"]
[WhiteTitle "IM"]
[BlackTitle "IM"]
[WhiteFideId "3406903"]
[BlackFideId "3407128"]
[WhiteElo "2449"]
[BlackElo "2477"]

1. d4 d5 2. c4 dxc4 3. e3 e5 4. Bxc4 exd4 5. exd4 Bd6 6. Nf3 Nf6 7. O-O O-O 8. Bg5 Nc6 9. Nc3 h6 10.
Bxf6 Qxf6 11. Ne4 Qf4 12. Nxd6 Qxd6 13. d5 Ne7 14. Rc1 Rb8 15. Bb3 Bg4 16. h3 Bxf3 17. Qxf3 Rfd8 18. Rfd1 Rd7 19.
Rc3 Kf8 20. g3 Ng8 21. Qe3 Ra8 22. Qd3 Nf6 23. Qb5 Qb6 24. Qc5+ Qxc5 25. Rxc5 Ne4 26. Rc2 Nd6 27. Rdc1 Rc8 28.
Kg2 Re7 29. Ba4 a6 1/2-1/2

[Event "CAMPEONATO NACIONAL ABSOLUTO DE CHILE 2019"]
[Site "Torre ENTEL, Chile"]
[Date "????.??.??"]
[Round "3.4"]
[White "Olivares Olivares, Claudio"]
[Black "Lopez Silva, Hugo"]
[Result "1/2-1/2"]
[TimeControl "90 minutos mas 30 segundos incremento por movida"]
[WhiteTitle "FM"]
[BlackTitle "IM"]
[WhiteFideId "3400786"]
[BlackFideId "3403874"]
[WhiteElo "2387"]
[BlackElo "2413"]

1. e4 e5 2. Nf3 Nc6 3. Bb5 a6 4. Ba4 Nge7 5. O-O g6 6. c3 Bg7 7. d4 exd4 8. cxd4 b5 9. Bb3 O-O 10.
d5 Na5 11. Bd2 c5 12. Bc3 d6 13. Bxg7 Kxg7 14. Bc2 Ng8 15. Nbd2 Bg4 16. h3 Bxf3 17. Nxf3 Re8 18. b3 Nf6 19.
Re1 Nd7 20. Qd2 Rc8 21. Nh2 Nb7 22. Ng4 Qh4 23. a4 b4 24. Bd3 Ra8 25. Qe2 c4 26. Bxc4 Nbc5 27. f3 f5 28. Qb2+ Kg8 29.
Qf2 Qxf2+ 30. Nxf2 fxe4 31. Nxe4 Nxe4 32. Rxe4 Rxe4 33. fxe4 a5 34. Bb5 Nc5 35. e5 dxe5 36. d6 Rd8 37.
Rc1 Ne4 38. d7 Nc3 39. Rc2 Kf7 40. Bc6 Ke7 41. Rd2 Rf8 42. Rf2 Rd8 43. Rd2 Rf8 44. Rf2 Rd8 45. Rd2 Rf8 46. Rf2 1/2-1/2

[Event "CAMPEONATO NACIONAL ABSOLUTO DE CHILE 2019"]
[Site "Torre ENTEL, Chile"]
[Date "????.??.??"]
[Round "3.5"]
[White "Tapia Fuentes, Jaime"]
[Black "Abarca Gonzalez, Nicolas"]
[Result "0-1"]
[TimeControl "90 minutos mas 30 segundos incremento por movida"]
[WhiteTitle "FM"]
[WhiteFideId "3403025"]
[BlackFideId "3409422"]
[WhiteElo "2259"]
[BlackElo "2418"]

1. e4 c6 2. d4 d5 3. exd5 cxd5 4. Bd3 Nc6 5. c3 Nf6 6. h3 g6 7. Nf3 Bf5 8. O-O Bg7 9. Bxf5 gxf5 10. Bf4 O-O 11. Nbd2 Ne4 12. Ne1 b5 13.
Nb3 a5 14. f3 Nd6 15. Bxd6 Qxd6 16. Qd3 a4 17. Nc5 e5 18. Nc2 e4 19. Qd2 Ne7 20. Nb4 a3 21. b3 Kh8 22. Nc2 Bh6 23. f4 Rg8 24. Rf2 Rg3 25.
Raf1 Rag8 26. Kh1 Ng6 27. Ne3 Nh4 28. c4 bxc4 29. bxc4 dxc4 30. Nxc4 Qg6 31. Ne3 Qh5 32. Qe2 Nf3 33.
gxf3 Bxf4 34. Rh2 Rxh3 35. Rff2 Bxh2 36. Rxh2 Rxh2+ 37. Qxh2 Qxf3+ 38. Ng2 Rg3 39. Kg1 Qd1+ 0-1

[Event "CAMPEONATO NACIONAL ABSOLUTO DE CHILE 2019"]
[Site "Torre ENTEL, Chile"]
[Date "2019.02.22"]
[Round "4.2"]
[White "Abarca Gonzalez, Nicolas"]
[Black "Aguirre Contreras, Cristian"]
[Result "1/2-1/2"]
[TimeControl "90 minutos mas 30 segundos incremento por movida"]
[BlackTitle "FM"]
[WhiteFideId "3409422"]
[BlackFideId "3412776"]
[WhiteElo "2418"]
[BlackElo "2252"]

1. e4 c5 2. Nf3 Nc6 3.
d4 cxd4 4. Nxd4 Nf6 5. Nc3 e5 6.
Ndb5 d6 7. Bg5 a6 8. Na3 b5 9.
Nd5 Be7 10. Bxf6 Bxf6 11. c4 b4 12. Nc2 a5 13. Qf3 Bg5 14. h4 Bh6 15. g4 g6 16. Nf6+ Kf8 17. Rd1 Bg7 18. g5 Qc7 19.
h5 h6 20. hxg6 hxg5 21. Nh7+ Ke8 22. c5 dxc5 23. Qf6 Rxh7 24. Qxf7+ Qxf7 25. gxf7+ Kxf7 26. Rxh7 Kg6 27. Rh1 Nd4 28. Nxd4 exd4 29. Rc1 Bf8 30.
Bc4 Bg4 31. Rh8 Rc8 32. Kd2 Bh6 33. Rxc8 Bxc8 34. Re1 g4+ 35. Kc2 Bg5 36. a3 Bh4 37. Re2 Kg5 38. e5 Bf5+ 39. Kb3 Kf4 40.
e6 Be7 41. Ka4 d3 42. Rd2 Bg5 43. Kxa5 g3 44. fxg3+ Ke3 45. Rh2 d2 46. Be2 bxa3 47. bxa3 Bxe6 48. Bd1 Kd3 49. Rh5 Be3 50.
Re5 Ba2 51. Kb5 c4 52. Kb4 Bb3 53. Bf3 d1=Q 54. Bxd1 Bxd1 55. Rxe3+ Kxe3 1/2-1/2

[Event "CAMPEONATO NACIONAL ABSOLUTO DE CHILE 2019"]
[Site "Torre ENTEL, Chile"]
[Date "2019.02.22"]
[Round "4.5"]
[White "Henriquez Villagra, Cristobal"]
[Black "Garcia Cardenas, Pablo"]
[Result "1-0"]
[TimeControl "90 minutos mas 30 segundos incremento por movida"]
[WhiteTitle "GM"]
[BlackTitle "IM"]
[WhiteFideId "3409350"]
[BlackFideId "3406903"]
[WhiteElo "2508"]
[BlackElo "2449"]

1. e4 e5 2. Bc4 Nf6 3. Nc3 Bc5 4. d3 Nc6 5. Bg5 h6 6. Bh4 Na5 7. a3 Nxc4 8. dxc4 d6 9. Qd3 a5 10.
Nge2 g5 11. Bg3 Nh5 12. O-O-O Be6 13. Na4 Ba7 14. Nec3 Qe7 15. c5 O-O-O 16. Qb5 Nxg3 17. hxg3 Bxc5 18. Nxc5 dxc5 19. Qxa5 c6 20.
Na4 Kb8 21. Nxc5 Bc8 22. Rxd8 Rxd8 23. Rxh6 g4 24. Rh1 Qg5+ 25. Kb1 Qd2 26. Qxd2 Rxd2 27. Nd3 f5 28. Re1 fxe4 29. Kc1 1-0

[Event "CAMPEONATO NACIONAL ABSOLUTO DE CHILE 2019"]
[Site "Torre ENTEL, Chile"]
[Date "2019.02.23"]
[Round "5.2"]
[White "Garcia Cardenas, Pablo"]
[Black "Torres Bravo, Cristobal"]
[Result "1-0"]
[TimeControl "90 minutos mas 30 segundos incremento por movida"]
[WhiteTitle "IM"]
[BlackTitle "FM"]
[WhiteFideId "3406903"]
[BlackFideId "3405940"]
[WhiteElo "2449"]
[BlackElo "2347"]

1. d4 Nf6 2. c4 e6 3. Nc3 c5 4. d5 exd5 5. cxd5 d6 6. e4 g6 7. f4 Bg7 8. Bb5+ Nfd7 9. Bd3 O-O 10.
Nf3 a6 11. a4 Nf6 12. O-O Re8 13. Re1 Bg4 14. h3 Bxf3 15. Qxf3 Nbd7 16. Be3 Qb6 17. Re2 Qb4 18. a5 c4 19. Ra4 Qxa4 20. Nxa4 cxd3 21.
Rd2 Rxe4 22. Nb6 Nxb6 23. Bxb6 Rc8 24. Qxd3 Rxf4 25. Rc2 Re8 26. Re2 Rc8 27. Rc2 Re8 28. Re2 Rc8 29. Rf2 Rc1+ 30.
Kh2 Rxf2 31. Bxf2 Nd7 32. Qb3 Be5+ 33. Bg3 Rc7 34. Qb4 Bxg3+ 35. Kxg3 Nc5 36. Qh4 Rd7 37. Qd4 f5 38. Kf4 Rf7 39. Qc3 g5+ 40. Kf3 Nd7 41.
Qc8+ Kg7 42. Kf2 Nf6 43. Qe6 f4 44. Kf3 Kg6 45. b4 Rd7 46. h4 gxh4 47. Kxf4 Rd8 48. Qf5+ Kf7 49. Qe6+ Kg6 50. Qf5+ Kf7 51. Kg5 Rg8+ 52. Kxh4 Rg4+ 53. Kh3 Rxb4 54.
Qe6+ Kg6 55. Qxd6 Rb5 56. Qg3+ Kf5 57. Qf3+ Kg6 58. Qg3+ Kh6 59. Qe3+ Kg6 60. d6 Rh5+ 61. Kg3 Rg5+ 62. Kf3 Rf5+ 63. Ke2 Rd5 64.
Qe6 Kg5 65. Ke1 Rd3 66. Qe5+ Kg6 67. g3 h5 68. Ke2 Rb3 69. d7 Rd3 1-0

[Event "CAMPEONATO NACIONAL ABSOLUTO DE CHILE 2019"]
[Site "Torre ENTEL, Chile"]
[Date "2019.02.23"]
[Round "5.3"]
[White "Olivares Olivares, Claudio"]
[Black "Henriquez Villagra, Cristobal"]
[Result "0-1"]
[TimeControl "90 minutos mas 30 segundos incremento por movida"]
[WhiteTitle "FM"]
[BlackTitle "GM"]
[WhiteFideId "3400786"]
[BlackFideId "3409350"]
[WhiteElo "2387"]
[BlackElo "2508"]

1. e4 c6 2. d4 d5 3. Nc3 dxe4 4. Nxe4 Nf6 5. Nxf6+ exf6 6. c3 Bd6 7. Bd3 O-O 8. Qc2 Re8+ 9.
Ne2 h5 10. O-O h4 11. Bf4 h3 12. g3 Bxf4 13. Nxf4 g5 14. Bc4 f5 15. Nxh3 Kg7 16. f4 g4 17. Ng5 f6 18. Nf7 Qc7 19.
Rae1 Rf8 20. Re3 b5 21. Bb3 a5 22. Qe2 Ra7 23. Re8 a4 24. Re1 Qd7 25. Rxf8 Kxf8 26. Ne5 Qd8 27. Bc2 Kg7 28.
Nd3 Na6 29. a3 Rf7 30. Qe8 Qc7 31. Qe3 c5 32. Nxc5 Nxc5 33. dxc5 Qc6 34. Kf2 Bb7 35. Rg1 Kf8 36. Bxf5 Re7 37.
Qd3 Qxc5+ 38. Kf1 Bd5 0-1

[Event "CAMPEONATO NACIONAL ABSOLUTO DE CHILE 2019"]
[Site "Torre ENTEL, Chile"]
[Date "2019.02.23"]
[Round "5.4"]
[White "Tapia Fuentes, Jaime"]
[Black "Salinas Herrera, Pablo"]
[Result "0-1"]
[TimeControl "90 minutos mas 30 segundos incremento por movida"]
[WhiteTitle "FM"]
[BlackTitle "IM"]
[WhiteFideId "3403025"]
[BlackFideId "3407128"]
[WhiteElo "2259"]
[BlackElo "2477"]

1. e4 c5 2. Nf3 e6 3. d4 cxd4 4. Nxd4 a6 5. Bd3 g6 6. b3 Bg7 7. Bb2 Qb6 8. c3 Ne7 9. Nd2 Qc7 10.
O-O O-O 11. N2f3 d5 12. e5 Nd7 13. c4 Nxe5 14. Rc1 Nxd3 15. Qxd3 e5 16. cxd5 Qd8 17. Ne2 e4 0-1

[Event "CAMPEONATO NACIONAL ABSOLUTO DE CHILE 2019"]
[Site "Torre ENTEL, Chile"]
[Date "2019.02.23"]
[Round "5.5"]
[White "Aguirre Contreras, Cristian"]
[Black "Lopez Silva, Hugo"]
[Result "1-0"]
[TimeControl "90 minutos mas 30 segundos incremento por movida"]
[WhiteTitle "FM"]
[WhiteFideId "3412776"]
[BlackFideId "3403874"]
[WhiteElo "2252"]
[BlackElo "2413"]

1. d4 Nf6 2. Nf3 c5 3. e3 g6 4. Be2 Bg7 5. O-O cxd4 6. exd4 d5 7. Bf4 O-O 8. h3 Qb6 9. Nc3 Nc6 10.
Nb5 Ne8 11. Qd2 a6 12. Nc3 Nf6 13. Na4 Qa7 14. c4 Be6 15. c5 Nd7 16. Rac1 Rfe8 17. Rfd1 f6 18. Nh2 Bf7 19. Ng4 g5 20.
Bh2 f5 21. Ne5 Ncxe5 22. dxe5 f4 23. h4 Nxe5 24. hxg5 Ng6 25. Bxf4 e5 26. Bg3 Rad8 27. Bf3 e4 28. Bh5 d4 29. Nb6 Bxa2 30. Bc7 Bf7 31. b4 Be5 32. Bxd8 Rxd8 33. g3 Qb8 34. Nc4 e3 35. Nxe3 Bb3 36.
Ng4 Bxd1 37. Rxd1 d3 38. Nxe5 Qxe5 39. Re1 Qd5 40. Bxg6 hxg6 41. Re7 Qf3 42. Qc3 Qf8 43. Qc4+ Kh8 44. Qh4+ 1-0

[Event "CAMPEONATO NACIONAL ABSOLUTO DE CHILE 2019"]
[Site "Torre ENTEL, Chile"]
[Date "2019.02.23"]
[Round "5.6"]
[White "Cuevas Araya, Walter"]
[Black "Abarca Gonzalez, Nicolas"]
[Result "1-0"]
[TimeControl "90 minutos mas 30 segundos incremento por movida"]
[WhiteTitle "FM"]
[WhiteFideId "3405028"]
[BlackFideId "3409422"]
[WhiteElo "2187"]
[BlackElo "2418"]

1. e4 c6 2. d4 d5 3. f3 dxe4 4. fxe4 e5 5. Nf3 Bg4 6. Bc4 Nd7 7. O-O Ngf6 8. c3 b5 9. Bxf7+ Kxf7 10. Qb3+ Ke8 11. Nxe5 Nxe5 12. dxe5 Bc5+ 13. Kh1 Qd3 14. Nd2 Nxe4 15. Qf7+ Kd8 16.
Nxe4 Qxe4 17. Qb7 h6 18. Qxa8+ Bc8 19. Qb8 1-0

[ePGN "0.1;DGT LiveChess/2.2.3"]

[Event "CAMPEONATO NACIONAL ABSOLUTO DE CHILE 2019"]
[Site "Torre ENTEL, Chile"]
[Date "2019.02.24"]
[Round "6.1"]
[White "Gasic Merino, Franco"]
[Black "Abarca Gonzalez, Nicolas"]
[Result "1-0"]
[TimeControl "90 minutos mas 30 segundos incremento por movida"]
[WhiteFideId "3414370"]
[BlackFideId "3409422"]
[WhiteElo "2189"]
[BlackElo "2418"]

1. d4 Nf6 2. g3 c5 3. d5 b5 4. f3 e6 5. e4 exd5 6. e5 Qe7 7. Qe2 Ng8 8. Nc3 Qe6 9. Bh3 Qc6 10. Nxb5 Na6 11. Nd6+ Bxd6 12. exd6+ Kf8 13.
Bf4 d4 14. Bf5 Rb8 15. Kf2 Nb4 16. c4 dxc3 17. bxc3 Nd5 18. Be4 Nxf4 19. Qd2 Nd5 20. Bxd5 Qxd6 21. Rd1 Ne7 22. Bb3 Qxd2+ 23. Rxd2 g6 24. Ne2 Kg7 25.
Re1 Rd8 26. Nf4 Kf8 27. Nd3 Rb5 28. Ne5 d5 29. c4 Rb6 30. cxd5 Rbd6 31. Nd3 Nxd5 32. Nxc5 Nb4 33. Rxd6 Rxd6 34.
Re2 Rc6 35. Ne4 Nd3+ 36. Ke3 Nc1 37. Bd5 Rc7 38. Rd2 Ba6 39. g4 h6 40. h4 Ke7 41. g5 h5 42. Nf6 Rc3+ 43. Kd4 Rd3+ 44. Rxd3 Nxd3 45. Be4 Nc1 46.
Nd5+ Kd6 47. Nc3 Bc8 48. Nb5+ Ke7 49. Nxa7 Bd7 50. Bd5 Ne2+ 51. Ke5 Nc3 52. Bc4 Nd1 53. Bb5 Ne3 54. Bxd7 Kxd7 55. Kf6 Ke8 56. Nc8 Nf5 57.
f4 Kd7 58. Kxf7 Nxh4 59. Ne7 Ng2 60. Nxg6 h4 61. Nxh4 Nxh4 62. g6 Nf5 63. g7 Nh6 64.
Kf8 Ke6 65. a4 Kf5 66. a5 Kxf4 67. a6 1-0

[Event "CAMPEONATO NACIONAL ABSOLUTO DE CHILE 2019"]
[Site "Torre ENTEL, Chile"]
[Date "2019.02.24"]
[Round "6.2"]
[White "Lopez Silva, Hugo"]
[Black "Cuevas Araya, Walter"]
[Result "1-0"]
[TimeControl "90 minutos mas 30 segundos incremento por movida"]
[BlackTitle "FM"]
[WhiteFideId "3403874"]
[BlackFideId "3405028"]
[WhiteElo "2413"]
[BlackElo "2187"]

1. e4 c5 2. Nf3 Nc6 3. d4 cxd4 4.
Nxd4 g6 5. c4 Bg7 6. Be3 Nf6 7. Nc3 Ng4 8. Qxg4 Nxd4 9. Qd1 Ne6 10. Rc1 Qa5 11. Qd2 b6 12. Bd3 Bb7 13. O-O g5 14.
a3 h5 15. Rfe1 h4 16. h3 Qe5 17. b4 Rg8 18. Nd5 Bh8 19. Be2 Rc8 20. Bg4 d6 21. a4 Bc6 22. a5 bxa5 23. b5 Bd7 24. Qxa5 Nc5 25. Qxa7 Bxg4 26.
hxg4 Kf8 27. b6 Kg7 28. Nxe7 Ra8 29. Qc7 Ne6 30. Qxd6 Qxd6 31. Nf5+ Kg6 32. Nxd6 Be5 33. Nf5 Kf6 34.
c5 Ra4 35. c6 Rb4 36. c7 Rc8 37. Rb1 1-0

[Event "CAMPEONATO NACIONAL ABSOLUTO DE CHILE 2019"]
[Site "Torre ENTEL, Chile"]
[Date "2019.02.24"]
[Round "6.3"]
[White "Salinas Herrera, Pablo"]
[Black "Aguirre Contreras, Cristian"]
[Result "1-0"]
[TimeControl "90 minutos mas 30 segundos incremento por movida"]
[WhiteTitle "IM"]
[BlackTitle "FM"]
[WhiteFideId "3407128"]
[BlackFideId "3412776"]
[WhiteElo "2477"]
[BlackElo "2252"]

1. Nf3 Nf6 2. c4 e6 3. b3 d5 4. Bb2 Be7 5. e3 O-O 6. Nc3 b6 7. cxd5 Nxd5 8. Nxd5 Qxd5 9. Qc2 Ba6 10.
Qxc7 Bxf1 11. Qxe7 Bxg2 12. Rg1 Qxf3 13. Bxg7 Nc6 14. Qg5 f6 15. Qxg2 Qxg2 16. Rxg2 Rfc8 17. Bxf6+ Kf7 18. Bc3 Rg8 19.
Rg3 b5 20. Ke2 b4 21. Bb2 Ne7 22. Rh3 1-0

[Event "CAMPEONATO NACIONAL ABSOLUTO DE CHILE 2019"]
[Site "Torre ENTEL, Chile"]
[Date "2019.02.24"]
[Round "6.4"]
[White "Henriquez Villagra, Cristobal"]
[Black "Tapia Fuentes, Jaime"]
[Result "1-0"]
[TimeControl "90 minutos mas 30 segundos incremento por movida"]
[WhiteTitle "GM"]
[BlackTitle "FM"]
[WhiteFideId "3409350"]
[BlackFideId "3403025"]
[WhiteElo "2508"]
[BlackElo "2259"]

1. e4 c5 2. Nc3 g6 3. d4 Bg7 4. d5 d6 5. Be2 Nf6 6. Be3 a6 7. a4 O-O 8. Nf3 b6 9. Nd2 Nbd7 10.
O-O Ne8 11. Nc4 Rb8 12. Qd2 Ne5 13. Na3 f5 14. h3 Nc7 15. f4 Nf7 16. exf5 gxf5 17. Bf2 Bf6 18. Rfe1 Kh8 19. Rab1 e6 20.
dxe6 Nxe6 21. Nd5 Nd4 22. Nxf6 Nxe2+ 23. Qxe2 Qxf6 24. Qe7 Qxe7 25. Rxe7 b5 26. axb5 axb5 27. b4 c4 28. Bd4+ Kg8 29.
Rbe1 Bb7 30. R1e3 Rfc8 31. Bf6 Bd5 32. Nxb5 Kf8 33. Nc7 1-0

[Event "CAMPEONATO NACIONAL ABSOLUTO DE CHILE 2019"]
[Site "Torre ENTEL, Chile"]
[Date "2019.02.24"]
[Round "6.5"]
[White "Torres Bravo, Cristobal"]
[Black "Olivares Olivares, Claudio"]
[Result "1-0"]
[TimeControl "90 minutos mas 30 segundos incremento por movida"]
[WhiteTitle "FM"]
[BlackTitle "FM"]
[WhiteFideId "3405940"]
[BlackFideId "3400786"]
[WhiteElo "2347"]
[BlackElo "2387"]

1. d4 Nf6 2. Nf3 g6 3. g3 Bg7 4. Bg2 O-O 5. O-O d6 6. c4 Nbd7 7. Nc3 e5 8. e3 c6 9. Qc2 exd4 10.
Nxd4 a5 11. b3 Nc5 12. Bb2 h5 13. Rab1 h4 14. a3 Re8 15. b4 axb4 16. axb4 Ne6 17. Nf3 hxg3 18. hxg3 Qb6 19. b5 Qc7 20.
Ra1 Bd7 21. Qe2 Nc5 22. Nd4 Rxa1 23. Rxa1 Ng4 24. Na4 Bxd4 25. Bxd4 cxb5 26. cxb5 Nxa4 27. Rxa4 Qc1+ 28. Bf1 Ne5 29.
Ra1 Qc8 30. Bg2 Bh3 31. f4 Bxg2 32. Kxg2 Nc4 33. Rh1 f6 34. f5 d5 35. fxg6 Qf5 36. Rf1 Qxg6 37. Rxf6 Qg5 38. Qf3 Nd2 39.
Qf5 Qxf5 40. Rxf5 Rd8 41. Rg5+ Kf8 42. Rg7 b6 43. Rb7 Nc4 44. Bxb6 Ra8 45. Bc5+ Ke8 46. b6 Ra5 47. Rc7 Kd8 48.
Be7+ Ke8 49. b7 Rb5 50. Bc5 1-0

[Event "CAMPEONATO NACIONAL ABSOLUTO DE CHILE 2019"]
[Site "Torre ENTEL, Chile"]
[Date "2019.02.24"]
[Round "6.6"]
[White "Vergara Jofre, Felipe"]
[Black "Garcia Cardenas, Pablo"]
[Result "1-0"]
[TimeControl "90 minutos mas 30 segundos incremento por movida"]
[WhiteTitle "FM"]
[BlackTitle "IM"]
[WhiteFideId "3416291"]
[BlackFideId "3406903"]
[WhiteElo "2265"]
[BlackElo "2449"]

1. e4 e5 2. Nf3 Nc6 3. Bc4 Bc5 4. O-O Nf6 5. d3 d6 6. c3 h6 7. Nbd2 O-O 8. Re1 a5 9. a4 Ne7 10.
d4 exd4 11. Nxd4 d5 12. e5 Ng4 13. Bd3 Nc6 14. N2f3 f6 15. e6 Nge5 16. Nxc6 bxc6 17. Bf5 Qe8 18. Nd4 Bb6 19. f4 Bxe6 20. Bxe6+ Qxe6 21. Be3 Qf7 22. fxe5 fxe5 23. Nc2 d4 24.
cxd4 exd4 25. Nxd4 Rad8 26. Qg4 Qf6 27. Qe6+ Kh8 28. Qxf6 Rxf6 29. Nf3 Rb8 30. Bxb6 cxb6 31. Rad1 1-0

[ePGN "0.1;DGT LiveChess/2.2.3"]

[Event "CAMPEONATO NACIONAL ABSOLUTO DE CHILE 2019"]
[Site "Torre ENTEL, Chile"]
[Date "????.??.??"]
[Round "7.1"]
[White "Garcia Cardenas, Pablo"]
[Black "Gasic Merino, Franco"]
[Result "1-0"]
[TimeControl "90 minutos mas 30 segundos incremento por movida"]
[WhiteTitle "IM"]
[WhiteFideId "3406903"]
[BlackFideId "3414370"]
[WhiteElo "2449"]
[BlackElo "2189"]

1. e4 d5 2. exd5 Nf6 3. Nf3 Qxd5 4. d4 Bg4 5. Be2 Nc6 6. c4 Qd7 7. Be3 e6 8. Nbd2 Be7 9. a3 a6 10.
O-O O-O 11. b4 Rab8 12. Qb3 b5 13. Rfc1 Bxf3 14. Nxf3 Ng4 15. cxb5 axb5 16. Qc3 Nxe3 17. fxe3 Rb6 18. Bxb5 Rxb5 19.
Qxc6 Qxc6 20. Rxc6 Ra8 21. Rac1 Rxa3 22. Rxc7 Bxb4 23. Rc8+ Bf8 24. Ne5 Rb7 25. Rd8 Ra2 26. Nd7 g6 27.
Nxf8 Kg7 28. Kh1 Raa7 29. h3 h5 30. e4 g5 31. d5 exd5 32. exd5 g4 33. hxg4 hxg4 34. d6 Rb2 35. d7 g3 36.
Rdc8 Rxd7 37. Nxd7 f5 38. Ne5 f4 39. Nd3 Rd2 40. Nxf4 Kh6 41. Rg8 Rf2 42. Nh3 Re2 43. Rxg3 Rd2 44.
Kh2 Kh7 45. Rc4 1-0